 Dungeon Crawl Stone Soup version 0.31-b1-17-gcfd88c8481 (webtiles) character file.

Game seed: 18337395148909591449

1190 booth the Cleaver (level 8, -7/74 HPs)
             Began as a Minotaur Fighter on Jan 15, 2024.
             Was a Follower of Okawaru.
             Mangled by Blork the orc
             ... wielding a +2 battleaxe of freezing
              (10 damage)
             ... on level 5 of the Dungeon.
             The game lasted 00:22:14 (3690 turns).

booth the Cleaver (Minotaur Fighter)                Turns: 3690, Time: 00:22:14

Health: -7/74      AC:  9    Str: 21    XL:     8   Next: 19%
Magic:  7/7        EV:  9    Int:  7    God:    Okawaru [*.....]
Gold:   366        SH:  9    Dex: 16    Spells: 7/7 levels left

rFire   . . .        a - +0 war axe
rCold   . . .        c - +0 buckler
rNeg    . . .        b - +0 scale mail
rPois   .            (helmet unavailable)
rElec   .            (no cloak)
rCorr   .            s - +0 pair of gloves
SInv    .            u - +0 pair of boots
Will    .....        (no amulet) Stlth
                     v - +6 ring of dexterity
HPRegen 0.32/turn    (no ring)
MPRegen 0.10/turn

%: no passive effects
@: about to teleport
A: horns 3, retaliatory headbutt, large bone plates 1
a: Renounce Religion, Heroism


You were on level 5 of the Dungeon.
You worshipped Okawaru.
Okawaru was aware of your devotion.
You visited 2 branches of the dungeon, and saw 6 of its levels.

You collected 366 gold pieces.

Inventory:

Hand Weapons
 a - a +0 war axe (weapon)
 j - a +0 mace
 l - a +0 mace
Missiles
 k - 2 throwing nets
 n - 4 silver javelins
 t - 5 poisoned darts (quivered)
Armour
 b - a +0 scale mail (worn)
 c - a +0 buckler (worn)
 s - a +0 pair of gloves (worn)
 u - a +0 pair of boots (worn)
Jewellery
 v - a +6 ring of dexterity (left hand)
Talismans
 i - a storm talisman
 o - a flux talisman
Wands
 e - a wand of flame (14)
Scrolls
 m - a scroll of fog
 p - a scroll of amnesia
 q - a scroll of poison
 x - a scroll of teleportation
Potions
 d - 2 potions of might
 g - 2 potions of enlightenment
 h - 2 potions of haste
 r - a potion of mutation


   Skills:
 + Level 7.6 Fighting
 * Level 9.7 Axes
 - Level 3.9 Armour
 - Level 3.9 Shields


You had 7 spell levels left.
You didn't know any spells.
Your spell library contained the following spells:

 Spells                   Type           Power      Damage    Failure   Level
 Freeze                   Ice            0%         1d3       83%         1
 Magic Dart               Conj           0%         1d3       83%         1
 Blink                    Tloc           0%         N/A       92%         2
 Call Imp                 Summ           Unusable   N/A       N/A         2

Dungeon Overview and Level Annotations

Branches:
Dungeon (5/15)             Temple (1/1) D:4

Altars:
Ashenzari
Dithmenos
Elyvilon
Fedhas
Gozag
Hepliaklqana
Kikubaaqudgha
Makhleb
Nemelex Xobeh
Okawaru
Qazlal
Ru
Sif Muna
Uskayaw
Vehumet
Wu Jian
Xom
Yredelemnul
Zin
The Shining One

Annotations:
D:5 Blork the orc, Grinder


Innate Abilities, Weirdness & Mutations

You have a pair of large horns on your head.
You reflexively headbutt those who attack you in melee.
You are partially covered in large bone plates. (SH +4)


Message History

Blork the orc freezes you!
* * * LOW HITPOINT WARNING * * *
You bump into the rock wall.
Blork the orc looks more healthy.
Blork the orc hits you but does no damage.
An orc priest comes into view. It is wielding a +0 club.
The gnoll hits you but does no damage.
Blork the orc hits you with a +2 battleaxe of freezing!
* * * LOW HITPOINT WARNING * * *
Blork the orc freezes you.
* * * LOW HITPOINT WARNING * * *
You bump into the rock wall.
The gnoll is no longer moving quickly.
The gnoll barely misses you.
Blork the orc hits you with a +2 battleaxe of freezing!
* * * LOW HITPOINT WARNING * * *
Blork the orc freezes you.
* * * LOW HITPOINT WARNING * * *
You completely miss Blork the orc.
Blork the orc is almost dead.
You closely miss the orc.
The gnoll is no longer moving quickly.
Blork the orc looks satisfied for a moment.
The orc barely misses you.
The gnoll hits you from afar with a +0 spear.
* * * LOW HITPOINT WARNING * * *
Blork the orc hits you but does no damage.
The orc barely misses you.
You bump into the rock wall.
You feel less invigorated.
You feel less confused.
The gnoll hits you from afar with a +0 spear.
* * * LOW HITPOINT WARNING * * *
You block Blork the orc's attack.
Okay, then.
As you read the scroll of teleportation, it crumbles to dust.
You feel strangely unstable.
Blork the orc points at you and mumbles some strange words.
The puff of flame hits you.
* * * LOW HITPOINT WARNING * * *
The gnoll hits you from afar with a +0 spear.
* * * LOW HITPOINT WARNING * * *
Blork the orc hits you with a +2 battleaxe of freezing!
You die...

#........##...##
#...........### #+
#....########
#.##...## ## #.....##
~.# ###...# ~≈.#
#...## ~≈~.#
#....#######~≈~≈.#
♣.<....##o@oggg~.(~(~#
..####. #g#####.~≈.≈.#
#. #.. .~~≈~~# #. #o##
.~~~≈~. #. ..# .g~.~gg
.. ..# .~~.≈.. .#####
.≈g~~.. .~~~~..


You could see Blork the orc (fast), an orc priest, 4 gnolls and an orc.

Vanquished Creatures
  Sigmund (D:3)
  Menkaure (D:5)
  4 ogres
  A phantom (D:5)
  2 scorpions
  A gnoll bouda (D:5)
  Terence (D:3)
  An iguana (D:4)
  Robin (D:3)
  8 gnolls
  9 adders
  2 ufetubi (D:5)
  2 dart slugs
  4 ball pythons
  12 endoplasms
  3 giant cockroaches
  16 goblins
  10 hobgoblins
  3 jackals
  11 kobolds
  7 quokkas
  7 bats
  4 frilled lizards
  7 rats
118 creatures vanquished.

Notes
Turn   | Place    | Note
-------+----------+-------------------------------------------
     0 | D:1      | booth the Minotaur Fighter began the quest for the Orb.
     0 | D:1      | Reached XP level 1. HP: 19/19 MP: 0/0
   223 | D:1      | Reached XP level 2. HP: 21/27 MP: 1/1
   276 | D:1      | Reached skill level 3 in Axes
   443 | D:1      | Reached XP level 3. HP: 33/33 MP: 2/2
   807 | D:2      | Reached skill level 4 in Axes
   808 | D:2      | Reached XP level 4. HP: 38/41 MP: 3/3
   893 | D:2      | Found a faded altar of an unknown god.
   907 | D:2      | Got Plato's Tractate on Cryomancy
  1215 | D:2      | Gained mutation: You are partially covered in large bone
                  | plates. (SH +4) [potion of mutation]
  1215 | D:2      | Gained mutation: You have a pair of large horns on your
                  | head. [potion of mutation]
  1271 | D:3      | Noticed Robin
  1282 | D:3      | Killed Robin
  1395 | D:3      | Noticed Terence
  1408 | D:3      | Killed Terence
  1409 | D:3      | Reached skill level 5 in Axes
  1409 | D:3      | Reached XP level 5. HP: 42/47 MP: 4/4
  1556 | D:3      | Reached skill level 5 in Fighting
  1652 | D:3      | Found a sacrificial altar of Ru.
  1659 | D:3      | Found a hazy altar of Hepliaklqana.
  1659 | D:3      | Found a glowing golden altar of the Shining One.
  1661 | D:3      | Found a glowing silver altar of Zin.
  1663 | D:3      | Found a shimmering blue altar of Sif Muna.
  1828 | D:3      | Noticed an ogre
  1834 | D:3      | Reached skill level 6 in Axes
  2026 | D:3      | Noticed Sigmund
  2041 | D:3      | Killed Sigmund
  2042 | D:3      | Reached skill level 7 in Axes
  2042 | D:3      | Reached XP level 6. HP: 54/57 MP: 5/5
  2468 | D:3      | Reached XP level 7. HP: 62/63 MP: 6/6
  2920 | D:4      | Reached skill level 8 in Axes
  3142 | D:4      | Found a staircase to the Ecumenical Temple.
  3156 | Temple   | Entered the Ecumenical Temple
  3204 | Temple   | Became a worshipper of Warmaster Okawaru
  3501 | D:5      | Entered Level 5 of the Dungeon
  3516 | D:5      | Noticed Menkaure
  3528 | D:5      | Killed Menkaure
  3528 | D:5      | Reached * piety under Okawaru
  3529 | D:5      | Reached skill level 9 in Axes
  3529 | D:5      | Reached XP level 8. HP: 73/73 MP: 7/7
  3666 | D:5      | Noticed Blork the orc
  3670 | D:5      | Noticed Grinder
  3687 | D:5      | HP: 2/74 [Blork the orc/+2 battleaxe of freezing (2)]
  3690 | D:5      | Mangled by Blork the orc

Illustrated notes

Levels and vault maps discovered:
D:1:      saegor_arrival_under_anarchy, layout_basic
D:2:      layout_rooms, shapermc_ecumenical_altar_rom_forum, minmay_octomino_j4
D:3:      layout_basic, minitemple, gup_sewer_entry_bubbles,
          minmay_divided_ellipse, uniq_robin, uniq_sigmund, uniq_terence
D:4:      layout_basic, minmay_temple_entry_statues_fountains
D:5:      layout_basic, serial_rivers, chequers_serial_rivers_micro_c,
          chequers_serial_rivers_marsh, chequers_serial_rivers_micro_b,
          chequers_serial_rivers_room_a, chequers_serial_rivers_large_a,
          chequers_serial_rivers_small_3, minmay_shop_grid_forest,
          nicolae_shop_dragon_depot, chequers_serial_rivers_micro_c,
          kennysheep_small_spiral, uniq_grinder, uniq_blork_the_orc,
          uniq_menkaure
Temple:   hellmonk_temple_of_storms

Skill      XL: |  1  2  3  4  5  6  7 |
---------------+----------------------+-----
Fighting       | 4 5 6 7 |  7.6
Axes           | 3 4 5 7 9 |  9.7
Armour         | |  3.9
Shields        | |  3.9

Action                     |  1- 3 |  4- 6 |  7- 9 || total
---------------------------+-------+-------+-------++-------
  Melee: War axe           |    65 |   115 |    78 ||   258
         Headbutt          |    10 |    14 |    15 ||    39
  Throw: Dart              |       |     5 |    17 ||    22
         Javelin           |       |       |     1 ||     1
  Evoke: Wand              |       |       |     3 ||     3
    Use: Scroll            |     3 |     5 |     4 ||    12
         Potion            |       |     2 |     2 ||     4
 Armour: Scale mail        |    41 |    54 |    54 ||   149
  Dodge: Dodged            |    20 |    45 |    29 ||    94
  Block: Buckler           |    17 |    57 |    36 ||   110
